 Dungeon Crawl Stone Soup version 0.20-a0-540-ge6d1839 (webtiles) character file.

75 Duffy the Chopper (level 4, 0/33 HPs)
             Began as a Demonspawn Gladiator on Jan 29, 2017.
             Slain by a gnoll
             ... wielding a +0 spear
              (5 damage)
             ... on level 2 of the Dungeon.
             The game lasted 00:01:18 (1715 turns).

Duffy the Chopper (Demonspawn Gladiator)            Turns: 1715, Time: 00:01:18

Health: 0/33       AC:  9    Str: 16    XL:     4   Next: 11%
Magic:  4/4        EV:  7    Int:  9    God:
Gold:   68         SH:  0    Dex: 14    Spells: 3/3 levels left

rFire    . . .     SeeInvis .   a - +0 war axe
rCold    . . .     Gourm    .   n - +0 chain mail
rNeg     . . .     Faith    .   (no shield)
rPois    .         Spirit   .   c - +0 helmet
rElec    .         Reflect  .   (no cloak)
rCorr    .         Harm     .   (no gloves)
MR       .....                  (no boots)
Stlth    ..........             (no amulet)
Regen    0.2/turn               (no ring)
                                (no ring)

@: no status effects
A: powered by pain 1
a: no special abilities


You were on level 2 of the Dungeon.
You were not hungry.

You visited 1 branch of the dungeon, and saw 2 of its levels.

You collected 68 gold pieces.

Inventory:

Hand Weapons
 a - a +0 war axe (weapon)
Missiles
 d - 3 throwing nets (quivered)
Armour
 b - a +0 leather armour
 c - a +0 helmet (worn)
 n - a +0 chain mail (worn)
Scrolls
 e - 4 scrolls of identify {unknown}
 g - 2 scrolls of teleportation {unknown}
 h - 2 scrolls of remove curse {unknown}
 m - 2 scrolls of fear {unknown}
 r - a scroll of magic mapping {unknown}
 t - a scroll of amnesia {unknown}
Potions
 j - a potion of flight {unknown}
 k - 2 potions of curing {unknown}
 l - a potion of cure mutation {unknown}
 p - a potion of degeneration {unknown}
 q - a potion of brilliance {unknown}
Comestibles
 f - 2 bread rations
 i - 2 fruits
 o - a royal jelly
 s - 7 chunks of flesh


   Skills:
 - Level 2.0 Fighting
 + Level 4.5 Axes
 - Level 1.7 Throwing
 - Level 2.6 Dodging


You had 3 spell levels left.
You didn't know any spells.

Dungeon Overview and Level Annotations

Branches:
Dungeon (2/15)

Altars:
Okawaru


Innate Abilities, Weirdness & Mutations

You sometimes gain a little power by taking damage.


Message History

You are too injured to fight recklessly!
You are too injured to fight recklessly!
You are too injured to fight recklessly!
You are too injured to fight recklessly!
You are too injured to fight recklessly!
You are too injured to fight recklessly!
You closely miss the gnoll.
The gnoll is heavily wounded.
You closely miss the gnoll.
The gnoll hits you with a whip of freezing.
The gnoll freezes you. The gnoll hits you but does no damage.
The gnoll hits you with a whip of freezing!
The gnoll freezes you.
You hit the gnoll.
The gnoll is moderately wounded.
You hit the gnoll but do no damage.
The gnoll hits you but does no damage. x2
You slash the gnoll!
The gnoll is almost dead.
You closely miss the gnoll. The gnoll hits you with a spear.
You die...

#.# #...######.# #.#
#..###### .# #.#
###........... #.#
#....#######.#
#.########.#.......
..
#.......##.########
.# ####.%.....# .#
#)......# .#
#.g@....###### .#
#.g..........#####.#
#.......####.#......
#<.....#.###.#.#....
#.....###........#.#
#.####.#.###.#.###.#
#.# ##.#%.........#
#.# #.#.##..####.#
#.# #.#.#.........


You could see 2 gnolls.

Vanquished Creatures
  An adder (D:2)
  A gnoll (D:2)
  2 worms (D:2)
  3 dart slugs (D:1)
  2 leopard geckos (D:1)
  A ball python (D:1)
  4 bats
  A giant cockroach (D:2)
  3 hobgoblins
  4 jackals (D:2)
  A quokka (D:2)
  3 frilled lizards (D:2)
  6 goblins
  7 kobolds
  3 rats
42 creatures vanquished.

Notes
Turn   | Place    | Note
-------+----------+-------------------------------------------
     0 | D:1      | Duffy the Demonspawn Gladiator began the quest for the Orb.
     0 | D:1      | Reached XP level 1. HP: 16/16 MP: 1/1
   103 | D:1      | Reached skill level 3 in Axes
   210 | D:1      | Gained mutation: You sometimes gain a little power by taking damage. [demonic ancestry]
   210 | D:1      | Reached XP level 2. HP: 22/22 MP: 2/2
   842 | D:1      | Reached XP level 3. HP: 17/27 MP: 3/3
  1001 | D:2      | Reached skill level 4 in Axes
  1526 | D:2      | Found an iron altar of Okawaru.
  1707 | D:2      | Reached XP level 4. HP: 33/33 MP: 4/4
  1715 | D:2      | Slain by a gnoll

Vault maps used:
D:1:      lightli_arrival_maybe_door_vault
D:2:      marbit_many_paths

Skill      XL: |  1  2  3 |
---------------+----------+-----
Axes           | 3 4 |  4.5
Fighting       | |  2.0
Throwing       | |  1.7
Dodging        | |  2.6

Action                   |  1- 3 |  4- 6 || total
-------------------------+-------+-------++-------
Melee: War axe           |   131 |     6 ||   137
  Eat: Chunk             |     3 |       ||     3
Armor: Leather armour    |    20 |       ||    20
       Chain mail        |    68 |     6 ||    74
       Skin              |     1 |       ||     1
Dodge: Dodged            |    73 |     1 ||    74
